 Dungeon Crawl Stone Soup version bcrawl-1.17.3 (webtiles) character file.

Game seed: 35560718523182265

5194 Morbidden the Covert (level 10, -2/88 HPs)
             Began as a Hill Orc Archaeologist on Oct 31, 2019.
             Was a Priest of Dithmenos.
             Shot with an arrow by a centaur (11 damage)
             ... on level 8 of the Dungeon.
             The game lasted 00:20:01 (8502 turns).

Morbidden the Covert (Hill Orc Archaeologist)       Turns: 8502, Time: 00:20:02

Health: -2/88      AC: 11    Str: 18    XL:     10   Next: 60%
Magic:  13/13      EV: 11    Int: 20    God:    Dithmenos [***...]
Gold:   418        SH:  8    Dex:  9    Spells: 9/9 levels left

rFire    + + +     SeeInvis .   a - +3 short sword (speed)
rCold    + . .     Gourm    .   I - +0 shield
rNeg     . . .     Faith    .   J - +2 leather armour {rF+}
rPois    .         Spirit   .   c - +2 hat
rElec    .         Reflect  .   A - scarf {rC+ rF+}
rCorr    .         Harm     .   C - +0 pair of gloves
MR       .....     Clarity  +   f - +2 pair of boots of the Assassin {Detection Stab+ Stlth++} Stlth ++++++++..Rnd*Tele +
                                (no amulet)
HPRegen  0.24/turn              w - +6 ring of intelligence
MPRegen  0.13/turn              z - ring of protection from fire

@: wreathed by umbra
A: horns 1, clarity, teleportitis 1
a: Shadow Step, Renounce Religion, Convert to Beogh


You were on level 8 of the Dungeon.
You worshipped Dithmenos.
Dithmenos was most pleased with you.
You were not hungry.

You visited 2 branches of the dungeon, and saw 9 of its levels.

You collected 418 gold pieces.

Inventory:

Hand Weapons
 a - a +3 short sword of speed (weapon)
Missiles
 u - 34 javelins (quivered)
 G - 149 javelins of penetration
Armour
 c - a +2 hat (worn)
 e - a cursed +0 chain mail
 f - the +2 pair of boots of the Assassin (worn) {Detection Stab+ Stlth++}

   It makes you much more stealthy.
 A - a scarf of resistance (worn)
 C - a +0 pair of gloves (worn)
 I - a +0 shield (worn)
 J - a +2 leather armour of fire resistance (worn)
Jewellery
 w - a +6 ring of intelligence (left hand)
 z - a ring of protection from fire (right hand)
Wands
 b - a wand of acid (8)
 y - a wand of polymorph (11)
 B - a wand of paralysis (3)
Scrolls
 d - a scroll of fear {unknown}
 h - 3 scrolls of identify
 i - a scroll of immolation
 k - 3 scrolls of teleportation
 l - a scroll of enchant weapon
 p - a scroll of magic mapping
 q - 2 scrolls of enchant armour
 s - a scroll of summoning {unknown}
 t - a scroll of blinking
 x - 2 scrolls of remove curse {unknown}
 E - 2 scrolls of noise {unknown}
 F - 2 scrolls of amnesia {unknown}
Potions
 j - 5 potions of brilliance
 m - 3 potions of haste {unknown}
 n - 6 potions of curing
 o - a potion of lignification
 r - a potion of degeneration {unknown}
 v - 2 potions of berserk rage {unknown}
 D - a potion of ambrosia {unknown}
 H - a potion of mutation
Comestibles
 g - 7 rations {!d}


   Skills:
 * Level 8.0 Fighting
   Level 8.0 Short Blades
   Level 8.0 Long Blades
   Level 8.0 Axes
   Level 8.0 Maces & Flails
   Level 8.0 Polearms
   Level 8.0 Staves
 + Level 3.4 Armour
 + Level 5.9 Dodging
 + Level 9.6 Stealth
 + Level 1.7 Shields
   Level 8.0 Unarmed Combat
 * Level 4.5 Invocations
 + Level 1.0 Evocations


You had 9 spell levels left.
You didn't know any spells.
Your spell library contained the following spells:

 Spells                   Type           Power        Failure   Level  Hunger
 Beastly Appendage        Tmut           #.....       77%         1    ##.....
 Sticks to Snakes         Tmut           #.......     88%         2    ###....
 Confuse                  Hex            #.......     98%         3    ####...
 Dazzling Spray           Conj/Hex       #.....       98%         3    ####...
 Spider Form              Tmut/Pois      #..          98%         3    ####...
 Ice Form                 Ice/Tmut       #.......     100%        4    #####..
 Petrify                  Tmut/Erth      #.......     100%        4    #####..
 Yara's Violent Unravell  Hex/Tmut       #.........   100%        4    #####..
 Blade Hands              Tmut           #.........   100%        5    ######.
 Metabolic Englaciation   Hex/Ice        #.........   100%        5    ######.
 Mana Rupture             Conj/Hex       #.........   100%        7    #######


Dungeon Overview and Level Annotations

Branches:
Dungeon (8/12)             Temple (1/1) D:4
   Lair: D:7-9          Orc: D:8-11

Altars:
Cheibriados
Dithmenos
Elyvilon
Fedhas
Gozag
Kikubaaqudgha
Lugonu
Nemelex Xobeh
Okawaru
Qazlal
Ru
Sif Muna
Trog
Uskayaw
Vehumet
Wu Jian
Xom
Yredelemnul
The Shining One

Shops:
D:4 *

Annotations:
D:3 2 transporters, yrara's ghost, amateur DsFi


Innate Abilities, Weirdness & Mutations

You have a pair of small horns on your head.
You possess an exceptional clarity of mind.
You are occasionally teleported next to monsters.


Message History

The orc priest shouts, "Surrender to Beogh and we'll let you live!"
The centaur hits you with a cursed +0 shortbow!
* * * LOW HITPOINT WARNING * * *
The orc priest mumbles some strange prayers to Beogh against you.
Beogh smites you!
* * * LOW HITPOINT WARNING * * *
Things that are here:
a +0 spear; a +0 scale mail You hit the centaur but do no damage.
You headbutt the centaur.
The centaur is lightly wounded.
An orc wizard appears from thin air!
Reactivating autopickup.
The centaur barely misses you.
Unknown command.
The centaur shoots an arrow.
The arrow hits you but does no damage.
The orc wizard gestures wildly while chanting.
The orc wizard flickers and vanishes!
Deactivating autopickup; reactivate with Ctrl-A.
The centaur shoots an arrow.
The arrow hits you!
You die...

**,,,**** *****,**,,,,,,,,
,,***,,,*** ***,***,,,,,,,,,, ***
****,,**** **,,,,,,,,,,,*,,,,
**,,,,***,,,,,,,,*,****,,*
**,{,,,,,,,,**,*,** *,**
************,{**,* **,,
#################################
og.'†....o{gogc)............#....
.{o#############@..###...........
.{.# ##...# #........... ####
#....# #........... ********
#....###........... ,,,,,,,*
#.........#........
,,,,,,,*******#.........<........
,,,,,,,,,,,,...................>.
,,,,,,,*****#######......######.#
,,,,,,,* #..............


You could see a centaur, an orc priest, 2 gnolls and an orc.

Vanquished Creatures
  Grinder (D:5)
  2 hippogriffs (D:8)
  Sigmund (D:2)
  2 hungry ghosts
  4 vampire mosquitoes (D:8)
  Edmund (D:4)
  A water moccasin (D:8)
  4 ice beasts
  2 necrophages
  3 ogres
  3 sky beasts
  3 bullfrogs
  A gnoll sergeant (D:8)
  2 big kobolds
  A wyvern skeleton (D:7)
  A scorpion (D:8)
  9 killer bees
  4 wights (D:7)
  A jelly (D:8)
  2 crimson imps
  A howler monkey (D:7)
  A quasit (D:7)
  A centaur zombie (D:7)
  A centaur skeleton (D:5)
  A gnoll shaman (D:7)
  2 hounds
  6 orc priests
  Ijyb (D:5)
  2 iguanas
  6 orc wizards
  6 worker ants
  3 hound skeletons
  A worker ant zombie (D:3)
  Robin (D:2)
  A howler monkey skeleton (D:6)
  7 gnolls
  12 adders
  A shadow imp (D:5)
  An adder skeleton (D:4)
  6 worms
  2 dart slugs
  3 leopard geckos
  27 orcs
  5 giant cockroaches
  18 goblins
  17 hobgoblins
  8 jackals
  18 kobolds
  2 quokkas
  3 ball pythons (D:1)
  6 bats
  4 frilled lizards
  A jackal skeleton (D:4)
  7 rats
230 creatures vanquished.

Vanquished Creatures (others)
  An orc wizard (D:7)
1 creature vanquished.

Grand Total: 231 creatures vanquished

Notes
Turn   | Place    | Note
-------+----------+-------------------------------------------
     0 | D:1      | Morbidden the Hill Orc Archaeologist began the quest for
                  | the Orb.
     0 | D:1      | Reached XP level 1. HP: 15/15 MP: 1/1
    69 | D:1      | Reached skill level 1 in Fighting
    69 | D:1      | Reached XP level 2. HP: 23/23 MP: 2/2
   187 | D:1      | Reached skill level 3 in Stealth
   499 | D:1      | Reached XP level 3. HP: 28/28 MP: 3/3
  1230 | D:2      | Reached XP level 4. HP: 34/35 MP: 4/4
  1299 | D:2      | Gained mutation: You are occasionally teleported next to
                  | monsters. [potion of mutation]
  1299 | D:2      | Gained mutation: You possess an exceptional clarity of
                  | mind. [potion of mutation]
  1299 | D:2      | Gained mutation: You have a pair of small horns on your
                  | head. [potion of mutation]
  1373 | D:2      | Noticed Robin
  1405 | D:2      | Killed Robin
  1405 | D:2      | Reached skill level 4 in Stealth
  1806 | D:2      | Noticed Sigmund
  1973 | D:2      | Killed Sigmund
  1973 | D:2      | Reached skill level 5 in Stealth
  1973 | D:2      | Reached XP level 5. HP: 36/42 MP: 5/5
  1973 | D:2      | Reached XP level 6. HP: 43/50 MP: 6/6
  2606 | D:3      | Noticed a necrophage
  2614 | D:3      | Killed a necrophage
  2614 | D:3      | Reached skill level 6 in Stealth
  2614 | D:3      | Reached XP level 7. HP: 48/56 MP: 7/7
  2700 | D:3      | Found an opulent altar of Gozag.
  2755 | D:3      | Found a transporter.
  2756 | D:3      | Noticed yrara's ghost (amateur DsFi)
  2758 | D:3      | Identified the +6 dire flail of Destruction {freeze, rF+
                  | Dex+3}
  2770 | D:3      | Found a transporter.
  3249 | D:4      | Noticed Edmund
  3367 | D:4      | Killed Edmund
  3367 | D:4      | Reached skill level 7 in Stealth
  3557 | D:4      | Found Gior's General Store.
  3797 | D:4      | Found a staircase to the Ecumenical Temple.
  3809 | Temple   | Entered the Ecumenical Temple
  3821 | Temple   | Became a worshipper of Dithmenos the Shadowed
  3990 | D:5      | Entered Level 5 of the Dungeon
  4008 | D:5      | Reached XP level 8. HP: 65/65 MP: 8/8
  4139 | D:5      | Reached skill level 1 in Armour
  4182 | D:5      | Reached skill level 8 in Stealth
  4188 | D:5      | Noticed Grinder
  4196 | D:5      | Killed Grinder
  4199 | D:5      | Noticed Ijyb
  4203 | D:5      | Reached skill level 5 in Fighting
  4216 | D:5      | Killed Ijyb
  4216 | D:5      | Reached * piety under Dithmenos
  4316 | D:5      | Reached skill level 1 in Evocations
  4382 | D:5      | Reached XP level 9. HP: 73/73 MP: 9/9
  5559 | D:6      | Reached ** piety under Dithmenos
  5757 | D:6      | Your ally Morbidden died
  6344 | D:6      | Reached skill level 9 in Stealth
  6344 | D:6      | Reached skill level 1 in Invocations
  6849 | D:7      | Reached skill level 5 in Dodging
  7156 | D:7      | Reached XP level 10. HP: 86/86 MP: 12/12
  7522 | D:7      | Your ally Morbidden died
  7977 | D:8      | Reached *** piety under Dithmenos
  8054 | D:8      | Reached skill level 1 in Shields
  8482 | D:8      | Your ally Morbidden died
  8502 | D:8      | Shot with an arrow by a centaur

Skill      XL: |  1  2  3  4  5  6  7  8  9 10 |
---------------+-------------------------------+-----
Fighting       | 1 2 3 4 5 7 8 |  8.0
Stealth        | 3 5 6 7 8 9 |  9.6
Dodging        | 3 4 5 |  5.9
Armour         | 2 3 |  3.4
Evocations     | 1 |  1.0
Invocations    | 2 4 |  4.5
Shields        | 1 |  1.7
Short Blades   | |  8.0
Long Blades    | |  8.0
Axes           | |  8.0
Maces & Flails | |  8.0
Polearms       | |  8.0
Staves         | |  8.0
Unarmed Combat | |  8.0

Action                   |  1- 3 |  4- 6 |  7- 9 | 10-12 || total
-------------------------+-------+-------+-------+-------++-------
Melee: Whip              |    98 |       |       |       ||    98
       Punch             |     1 |     1 |     3 |       ||     5
       Short sword       |    74 |   145 |   254 |   221 ||   694
       Headbutt          |       |     9 |    52 |    32 ||    93
       Dire flail        |       |       |   210 |       ||   210
       Unarmed           |       |       |     4 |       ||     4
Throw: Javelin           |       |     4 |       |     6 ||    10
Invok: Shadow Step       |       |       |     1 |     2 ||     3
Evoke: Wand              |       |       |     2 |       ||     2
  Use: Potion            |       |     5 |     3 |     2 ||    10
       Scroll            |       |     1 |     5 |     2 ||     8
 Stab: Sleeping          |     3 |     8 |    22 |    10 ||    43
       Distracted        |       |     1 |       |       ||     1
       Paralysed         |       |       |     4 |       ||     4
  Eat: Chunk             |     1 |     5 |    13 |     4 ||    23
       Ration            |       |       |     2 |     1 ||     3
Armor: Robe              |    57 |    21 |   122 |     6 ||   206
       Skin              |       |       |    13 |       ||    13
       Leather armour    |       |       |       |    39 ||    39
Dodge: Dodged            |    95 |    61 |   249 |    79 ||   484
Block: Shield            |       |       |       |    60 ||    60
